Description

Hey Guys! This is the fixed version of my ZvX Guide so that u can use the Build Order with the Spawning Tool App! I Hope u will Enjoy!

This is just a very safe opening for beginner zergs to use vs all 3 matchups. It allows you to build economy and expand to 3 bases rather quickly. It’s just a guide that you can use consistently for the first few minutes of every game to give you a consistent start to practice.

As a beginner your main focus should be learning the fundamentals of macro, constantly building workers, spending your money and not getting supply blocked.

From here you can adjust and learn as you go. Choose which tech and upgrades to focus on. Learn how to build your economy from here naturally and enjoy figuring out the many details that will turn you into a great player!

VOD

https://www.youtube.com/watch?v=Qm78oeUGIko

Replay - ZvX GUIDE - Beginner Opening for all three Races! (ZvX Economic)

Build Order

Get SALT Encoding   

  13  0:15  Overlord  
  17  0:45  Spawning Pool  
  17  1:10  Hatchery  
  17  1:25  Extractor  
  19  1:35  Queen  
  21  1:50  Overlord  
  22  2:10  Zergling  
  23  2:20  Queen  
  25  2:30  Zergling x2  
  25  2:35  Metabolic Boost  
  25  2:40  Queen  
  30  2:55  Overlord  
  38  3:25  Roach Warren  
  42  3:35  Overlord  
  44  3:50  Hatchery  
  51  4:20  Lair  
  51  4:25  Evolution Chamber x2  
  51  4:40  Extractor x2  
  55  5:00  Zerg Ground Armor Level 1, Zerg Missile Weapons Level 1  
Spawning Tool Build Advisor. Get it on Overwolf

Analysis

17 pool

17 hatch

17 gas

@100% pool - Build queen + 3 pairs of lings Que up a second queen before this one finishes Build a 3rd queen from your natural hatchery

@100gas - start ling speed

36 - Defensive Tech Roach warren or Baneling nest (your choice)

44 - take a 3rd base (3:30-4:00)

50 - Lair, 2x evo chamber and 2xGas.

Go to:

Details

  • Created by: birdy     
  • Published on: Dec 15, 2017
  • Modified on: Dec 29, 2017
  • Patch: 4.0.0
  • Difficulty: Easy
Show
View Real Time Build Order
Export as new Build Order

Comments (2)

On Dec. 16, 2017, 1:50 a.m., birdy  said:

thanks ! fixed*

On Dec. 15, 2017, 6:15 p.m., LaszloKovacs  said:

You forgot the 17 gas in the build order.

Create an account to comment!